 Dungeon Crawl Stone Soup version 0.22-a0-757-gdba82d8 (webtiles) character file.

10024 mopl the Quickloader (level 11, -3/101 HPs)
             Began as a Minotaur Hunter on July 16, 2018.
             Was a Follower of Trog.
             Splashed by Maurice's acid (15 damage)
             ... on level 11 of the Dungeon.
             The game lasted 00:20:36 (11601 turns).

mopl the Quickloader (Minotaur Hunter)             Turns: 11601, Time: 00:20:36

Health: -3/101     AC:  9    Str: 17    XL:     11   Next: 30%
Magic:  10/10      EV:  8    Int:  8    God:    Trog [*.....]
Gold:   338        SH:  0    Dex: 14    Spells: 10/10 levels left

rFire    . . .     SeeInvis .   a - +2 short sword (venom)
rCold    . . .     Gourm    .   (no shield)
rNeg     . . .     Faith    .   O - +0 plate armour
rPois    .         Spirit   .   (helmet restricted)
rElec    .         Reflect  .   C - +1 cloak
rCorr    .         Harm     .   (no gloves)
MR       .....                  (no boots)
Stlth    ..........             (no amulet)
HPRegen  0.26/turn              z - +2 ring of protection
MPRegen  0.12/turn              (no ring)

@: corroded, berserk cooldown, slowed, very slow
A: retaliatory headbutt, horns 2
a: Berserk, Renounce Religion


You were on level 11 of the Dungeon.
You worshipped Trog.
Trog was aware of your devotion.
You were hungry.

You visited 2 branches of the dungeon, and saw 12 of its levels.
You also visited: Sewer.

You collected 661 gold pieces.
You spent 323 gold pieces at shops.

Inventory:

Hand Weapons
 a - a +2 short sword of venom (weapon)
 b - a +1 hand crossbow
 c - a +1 mace of holy wrath
 j - a +6 blowgun
Missiles
 d - 90 bolts
 e - 480 stones (quivered)
 q - 14 needles of confusion
 v - 17 poisoned needles
 K - 12 tomahawks
 N - 9 curare-tipped needles
 R - 2 throwing nets
Armour
 C - a +1 cloak (worn)
 O - a +0 plate armour (worn)
Jewellery
 z - a +2 ring of protection (left hand)
 D - the ring of the Princess {*Tele rElec MR- Int+4}
   (You found it on level 7 of the Dungeon)

   [ring of teleportation]

   It may teleport you next to monsters.
   It affects your intelligence (+4).
   It insulates you from electricity.
   It affects your resistance to hostile enchantments.
Wands
 r - a wand of digging (19)
 G - a wand of random effects (14)
Scrolls
 g - 7 scrolls of teleportation
 i - 4 scrolls of immolation {unknown}
 m - 4 scrolls of torment {unknown}
 o - a scroll of amnesia {unknown}
 p - 7 scrolls of remove curse
 u - a scroll of fear {unknown}
 w - 3 scrolls of fog
 x - 2 scrolls of magic mapping
 y - 3 scrolls of enchant armour {unknown}
 A - 2 scrolls of brand weapon {unknown}
 B - 5 scrolls of enchant weapon {unknown}
 P - a scroll of blinking {unknown}
Potions
 h - 2 potions of haste
 k - a potion of mutation {!q}
 l - 4 potions of might
 n - 3 potions of magic
 s - 4 potions of heal wounds {unknown}
 t - 2 potions of lignification {!q}
 E - 2 potions of cancellation
 F - 2 potions of ambrosia
 H - a potion of brilliance
 I - 5 potions of curing
 J - a potion of invisibility
 L - a potion of berserk rage {!q}
 M - a potion of flight
Comestibles
 f - 26 rations
 Q - 5 chunks of flesh


   Skills:
 + Level 10.6 Fighting
 * Level 13.7 Crossbows
 + Level 1.5 Throwing
 + Level 7.6 Armour
 + Level 7.4 Dodging
 - Level 0.7 Stealth


You had 10 spell levels left.
You didn't know any spells.
Your spell library contained the following spells:

 Spells                   Type           Power        Failure   Level  Hunger
 Magic Dart               Conj           #...         100%        1    ##.....
 Iskenderun's Mystic Bla  Conj           #.......     100%        4    #####..
 Fulminant Prism          Conj/Hex       #.........   100%        4    #####..
 Dazzling Spray           Conj/Hex       #.....       100%        3    ####...
 Force Lance              Conj/Tloc      #.......     100%        4    #####..
 Searing Ray              Conj           #.....       100%        2    ###....


Dungeon Overview and Level Annotations

Branches:
Dungeon (11/15)            Temple (1/1) D:4            Lair (0/6) D:10
    Orc: D:9-12

Altars:
Ashenzari
Cheibriados
Dithmenos
Elyvilon
Fedhas
Gozag
Hepliaklqana
Kikubaaqudgha
Makhleb
Nemelex Xobeh
Okawaru
Qazlal
Ru
Sif Muna
Trog
Uskayaw
Vehumet
Wu Jian
Xom
Yredelemnul
Zin
The Shining One

Shops:
D:7 !   D:8 ?

Annotations:
D:11 Maurice


Innate Abilities, Weirdness & Mutations

You reflexively headbutt those who attack you in melee.
You have a pair of horns on your head.


Message History

Maurice barely misses you.
Unknown command.
Evoke which item? (* to show all) (? for menu, Esc to quit)
Aiming: Random Effects
Press: ? - help, Shift-Dir - straight line, f/p - Maurice
Aim: Maurice, wielding a dagger of electrocution, wearing a cloak and carrying a wand of acid (2) (moderately wounded, fast, covering ground quickly) Maurice flickers and vanishes!
Deactivating autopickup; reactivate with Ctrl-A.
You hear some strange, mumbled words.
Unknown command.
Evoke which item? (* to show all) (? for menu, Esc to quit)
Aiming: Random Effects
Press: ? - help, Shift-Dir - straight line The bolt of negative energy hits something.
You hear a zap.
A bolt of acid appears from out of thin air!
The bolt of acid hits you!
* * * LOW HITPOINT WARNING * * *
You are splashed with acid!
The acid burns!
You die...

.# #........#.# #..##.#.#.##
.#######...@..###.###..##..[...#
.............>......#..####...##
.#######......###.#.#>....#...###
.#######......# #{#.#..##.#......
.....)........# #)#.#.........###
.##########.#####.#.#####.#.###
....## #.##.##ยง#...........###
.##..# #.##..@.#..####.#......
.###.## #.##.####..# #.#.##### .#
#..# ##.##.# #..####.#.### .#
##.## #.....# #....##.#...### .#
#..# #.....# #....##........ .#
##.# #.....####....######.### .#
#.# #.............# #.....# .#
#.# #....#####....# #.#.#.# .#
#.####.##.........# #.#...#


There were no monsters in sight!

Vanquished Creatures
  Harold (D:11)
  Sonja (D:11)
  An ugly thing (D:11)
  2 trolls
  2 hornets
  A hippogriff (D:10)
  A spriggan (D:7)
  5 yaks (D:10)
  A wyvern (D:8)
  Sigmund (D:3)
  Grum (D:11)
  2 hungry ghosts
  A steam dragon (D:11)
  Edmund (D:5)
  A water moccasin (D:8)
  5 orc warriors
  4 ice beasts
  Duvessa (D:5)
  A phantom (D:10)
  2 sky beasts
  2 black bears
  8 ogres
  3 wolves (D:11)
  5 centaurs
  3 bullfrogs
  5 big kobolds
  Dowan (D:5)
  4 scorpions
  A water moccasin skeleton (D:7)
  6 wights (D:8)
  A howler monkey (D:7)
  4 crimson imps
  2 bullfrog zombies
  2 quasits
  6 hounds
  8 orc priests
  2 jellies
  11 orc wizards
  Jessica (D:3)
  2 iguanas
  4 worker ants
  2 hound zombies
  2 hound skeletons
  4 gnolls (D:2)
  12 adders
  2 river rats (Sewer)
  3 shadow imps
  12 oozes
  An adder skeleton (D:6)
  8 worms
  A dart slug (D:3)
  6 leopard geckos
  66 orcs
  4 giant cockroaches
  5 goblins
  5 hobgoblins
  16 jackals
  8 quokkas
  5 ball pythons
  9 bats
  7 frilled lizards
  A jackal skeleton (D:4)
  18 kobolds
  A leopard gecko zombie (D:6)
  2 quokka skeletons
  10 rats
326 creatures vanquished.

Notes
Turn   | Place    | Note
-------+----------+-------------------------------------------
     0 | D:1      | mopl the Minotaur Hunter began the quest for the Orb.
     0 | D:1      | Reached XP level 1. HP: 18/18 MP: 0/0
   188 | D:1      | Reached XP level 2. HP: 25/25 MP: 1/1
   302 | D:1      | Reached skill level 5 in Crossbows
   333 | D:1      | Reached skill level 3 in Fighting
   492 | D:1      | Reached XP level 3. HP: 31/31 MP: 2/2
   681 | D:2      | HP: 1/31 [gnoll/spear (3)]
   682 | D:2      | Reached XP level 4. HP: 1/39 MP: 3/3
  1657 | D:3      | Reached skill level 6 in Crossbows
  1676 | D:3      | Reached skill level 4 in Fighting
  1683 | D:3      | Noticed an ogre
  1686 | D:3      | Noticed Jessica
  1694 | D:3      | Killed an ogre
  1694 | D:3      | Reached XP level 5. HP: 35/47 MP: 4/4
  1698 | D:3      | Killed Jessica
  1836 | D:2      | Reached skill level 7 in Crossbows
  1836 | D:2      | Reached XP level 6. HP: 50/53 MP: 5/5
  2157 | D:3      | Reached skill level 5 in Fighting
  2176 | D:3      | Found a shattered altar of Ashenzari.
  2176 | D:3      | Found an iron altar of Okawaru.
  2187 | D:3      | Noticed Sigmund
  2203 | D:3      | Killed Sigmund
  2505 | D:4      | Reached skill level 8 in Crossbows
  2505 | D:4      | Reached XP level 7. HP: 59/61 MP: 6/6
  2606 | D:4      | Found a staircase to the Ecumenical Temple.
  2618 | Temple   | Entered the Ecumenical Temple
  2732 | D:4      | Found a glowing drain.
  2767 | Sewer    | Entered a sewer
  2895 | Sewer    | Reached skill level 6 in Fighting
  3289 | Sewer    | Reached skill level 9 in Crossbows
  3564 | D:4      | Reached XP level 8. HP: 48/71 MP: 7/7
  3779 | D:4      | Found an ornate altar of the Wu Jian Council.
  3955 | D:5      | Entered Level 5 of the Dungeon
  3964 | D:5      | Noticed Duvessa
  3964 | D:5      | Noticed Dowan
  3979 | D:5      | Killed Dowan
  3979 | D:5      | Reached skill level 7 in Fighting
  4572 | D:5      | Killed Duvessa
  4572 | D:5      | Reached skill level 10 in Crossbows
  4852 | D:5      | Reached skill level 1 in Armour
  4922 | D:5      | Noticed Edmund
  4945 | D:5      | Killed Edmund
  5063 | D:6      | Reached skill level 2 in Armour
  5063 | D:6      | Reached skill level 3 in Dodging
  5133 | D:6      | Reached skill level 8 in Fighting
  5273 | D:6      | Reached XP level 9. HP: 79/81 MP: 8/8
  5341 | D:6      | Reached skill level 11 in Crossbows
  5341 | D:6      | Reached skill level 3 in Armour
  5591 | D:6      | Reached skill level 4 in Dodging
  5983 | D:7      | Got a brightly glowing iron ring
  5984 | D:7      | Identified the ring of the Princess {*Tele rElec MR- Int+4} (You found it on level 7 of the Dungeon)
  6339 | D:7      | Found Zohyublu's Distillery.
  6345 | D:7      | Bought a potion of degeneration for 13 gold pieces
  6345 | D:7      | Bought a potion of brilliance for 52 gold pieces
  6345 | D:7      | Bought a potion of curing for 39 gold pieces
  6345 | D:7      | Bought a potion of invisibility for 104 gold pieces
  6446 | D:7      | Reached skill level 4 in Armour
  6705 | D:7      | Reached skill level 9 in Fighting
  6959 | D:8      | Reached skill level 5 in Dodging
  6989 | D:8      | Reached skill level 5 in Armour
  6995 | D:8      | Reached skill level 12 in Crossbows
  7146 | D:8      | Found Juddirche's Magic Scroll Boutique.
  7166 | D:8      | Reached XP level 10. HP: 84/91 MP: 9/9
  7172 | D:8      | Bought a scroll of random uselessness for 11 gold pieces
  7172 | D:8      | Bought a scroll of fog for 22 gold pieces
  7172 | D:8      | Bought a scroll of noise for 11 gold pieces
  7172 | D:8      | Bought a scroll of magic mapping for 38 gold pieces
  7172 | D:8      | Bought a scroll of remove curse for 33 gold pieces
  8263 | D:9      | Reached skill level 6 in Dodging
  8337 | D:9      | Found a sparkling altar of Nemelex Xobeh.
  8339 | D:9      | Found a bloodstained altar of Trog.
  8341 | D:9      | Found a basalt altar of Yredelemnul.
  8357 | D:9      | Became a worshipper of Trog the Wrathful
  8360 | D:9      | Reached skill level 6 in Armour
  9086 | D:10     | Entered Level 10 of the Dungeon
  9211 | D:10     | HP: 3/93 [ogre/giant club (10)]
  9599 | D:10     | Reached skill level 10 in Fighting
  9605 | D:10     | Reached skill level 13 in Crossbows
  9871 | D:10     | Reached * piety under Trog
 10071 | D:10     | Found a staircase to the Lair.
 10124 | D:10     | Reached skill level 7 in Armour
 10424 | D:11     | Noticed Sonja
 10644 | D:11     | Killed Sonja
 10644 | D:11     | Reached skill level 7 in Dodging
 10644 | D:11     | Reached XP level 11. HP: 95/101 MP: 10/10
 10666 | D:11     | Noticed Grum
 10678 | D:11     | Killed Grum
 10809 | D:11     | Noticed Harold
 10826 | D:11     | Killed Harold
 11212 | D:11     | Noticed a brown ugly thing
 11219 | D:11     | Killed a brown ugly thing
 11219 | D:11     | Reached skill level 1 in Throwing
 11548 | D:11     | Noticed Maurice
 11601 | D:11     | Splashed by Maurice's acid

Vault maps used:
D:1:      minmay_arrival_four_circles
D:2:      kennysheep_minor_cross
D:3:      gammafunk_temple_overflow_elements, uniq_jessica, uniq_sigmund
D:4:      overflow_temple_1_default, minmay_temple_entry_statues_fountains,
          cheibrodos_sewer_entry_bend
D:5:      first_ration, uniq_duvessa, uniq_edmund
D:6:      minmay_misc_feat_tower
D:7:      serial_shops, nicolae_shop_crystal, the_bakery
D:8:      serial_shops, shop_scrolls, special_room, lightli_orcish_oven
D:9:      grunt_temple_overflow_open
D:10:     lair_entry_dummy
D:11:     special_room, uniq_sonja, uniq_grum, uniq_harold, uniq_maurice
Temple:   nicolae_temple_elliptical
Sewer:    sewer_co_tree

Skill      XL: |  1  2  3  4  5  6  7  8  9 10 11 |
---------------+----------------------------------+-----
Crossbows      | 5 6 7 8 9 10 12 13 | 13.7
Fighting       | 3 4 5 6 8 9 10 | 10.6
Armour         | 2 5 7 |  7.6
Dodging        | 3 5 7 |  7.4
Throwing       | 1 |  1.5
Stealth        | |  0.7

Action                   |  1- 3 |  4- 6 |  7- 9 | 10-12 || total
-------------------------+-------+-------+-------+-------++-------
Melee: Short sword       |    48 |    32 |   435 |   340 ||   855
       Headbutt          |    11 |    22 |   111 |    86 ||   230
       Mace              |    34 |    99 |     6 |    17 ||   156
 Fire: Hand crossbow     |     2 |    16 |    26 |    15 ||    59
Throw: Stone             |       |       |     1 |     3 ||     4
Invok: Berserk           |       |       |       |     5 ||     5
Evoke: Wand              |       |       |       |     8 ||     8
  Use: Scroll            |       |       |     7 |     2 ||     9
       Potion            |       |       |       |     1 ||     1
 Stab: Paralysed         |       |       |       |     4 ||     4
  Eat: Chunk             |       |     5 |    19 |    19 ||    43
       Ration            |       |       |     1 |       ||     1
Armor: Leather armour    |    18 |       |       |       ||    18
       Chain mail        |    25 |   124 |   238 |    42 ||   429
       Plate armour      |       |       |       |   222 ||   222
Dodge: Dodged            |    60 |    81 |   179 |   149 ||   469

Table legend:
 A = Spawn XP
 B = Non-spawn XP
 C = Spawn XP percentage of total XP
 D = Spawn monster count
 E = Non-spawn monster count
 F = Spawn count percentage of total count
 G = Total turns spent on level
                    A         B        C        D         E        F      G
               +---------+---------+-------+---------+---------+-------+---------
         Total |       0 |   14320 |   0.0 |       0 |     326 |   0.0 | 11601
               +---------+---------+-------+---------+---------+-------+---------
           D:1 |       0 |      42 |   0.0 |       0 |      24 |   0.0 |   577
           D:2 |       0 |     153 |   0.0 |       0 |      34 |   0.0 |  1214
           D:3 |       0 |     496 |   0.0 |       0 |      30 |   0.0 |   710
           D:4 |       0 |     329 |   0.0 |       0 |      14 |   0.0 |   779
           D:5 |       0 |     826 |   0.0 |       0 |      18 |   0.0 |  1104
           D:6 |       0 |    1148 |   0.0 |       0 |      27 |   0.0 |  1167
           D:7 |       0 |    1238 |   0.0 |       0 |      21 |   0.0 |   724
           D:8 |       0 |    1998 |   0.0 |       0 |      65 |   0.0 |  1169
           D:9 |       0 |    1120 |   0.0 |       0 |      20 |   0.0 |   967
          D:10 |       0 |    2621 |   0.0 |       0 |      24 |   0.0 |  1316
          D:11 |       0 |    3837 |   0.0 |       0 |      21 |   0.0 |  1199
         Sewer |       0 |     512 |   0.0 |       0 |      28 |   0.0 |   580
               +---------+---------+-------+---------+---------+-------+---------
